 Dungeon Crawl Stone Soup version 0.31-a0-37-g98a128e1d9 (webtiles) character file.

Game seed: 11394535186422487578

361 porpoise the Skirmisher (level 6, -8/39 HPs)
             Began as a Kobold Hunter on May 15, 2023.
             Was an Initiate of Hepliaklqana.
             Killed by nerve-wracking pain
             ... invoked by an orc priest
              (14 damage)
             ... on level 4 of the Dungeon.
             The game lasted 00:09:18 (3276 turns).

porpoise the Skirmisher (Kobold Hunter)             Turns: 3276, Time: 00:09:18

Health: -8/39      AC: 13    Str:  8    XL:     6   Next: 98%
Magic:  7/7        EV: 14    Int: 11    God:    Hepliaklqana [......]
Gold:   155        SH:  0    Dex: 20    Spells: 5/5 levels left

rFire   . . .        a - +1 shortbow
rCold   . . .        (shield currently unavailable)
rNeg    . . .        c - +1 leather armour
rPois   .            (no helmet)
rElec   .            (no cloak)
rCorr   .            (no gloves)
SInv    .            s - +0 pair of boots
Will    .....        (no amulet)
Stlth   +++          q - ring of the Tortoise {AC+8}
HPRegen 0.26/turn    (no ring)
MPRegen 0.10/turn

%: no passive effects
@: no status effects
A: small, no large weapons, nightstalker 3
a: Renounce Religion


You were on level 4 of the Dungeon.
You worshipped Hepliaklqana.
Hepliaklqana was noncommittal.
You visited 2 branches of the dungeon, and saw 5 of its levels.

You collected 155 gold pieces.

Inventory:

Hand Weapons
 a - a +1 shortbow (weapon)
 b - a +0 rapier
Missiles
 x - a throwing net
Armour
 c - a +1 leather armour (worn)
 s - a +0 pair of boots (worn)
Magical Staves
 o - a staff of conjuration
Jewellery
 q - the ring of the Tortoise (left hand) {AC+8}
   (You found it on level 3 of the Dungeon)

   [ring of protection]

   AC:        It affects your AC (+8).
 r - an amulet of the acrobat
Scrolls
 d - a scroll of enchant armour
 f - a scroll of magic mapping
 i - 2 scrolls of immolation
 k - a scroll of silence {unknown}
 l - a scroll of noise
 n - 2 scrolls of enchant weapon
 u - a scroll of identify
 w - a scroll of amnesia {unknown}
Potions
 j - a potion of lignification
 m - 2 potions of curing
 p - a potion of haste
 t - a potion of resistance
 v - a potion of invisibility {unknown}


   Skills:
 + Level 4.3 Fighting
 * Level 8.5 Ranged Weapons
 - Level 2.4 Dodging
 - Level 1.3 Stealth
 + Level 2.1 Invocations


You had 5 spell levels left.
You didn't know any spells.
Your spell library contained the following spells:

 Spells                   Type           Power      Damage    Failure   Level
 Freeze                   Ice            0%         1d3       45%         1
 Ensorcelled Hibernation  Hex/Ice        0%         N/A       61%         2
 Frozen Ramparts          Ice            0%         1d1       83%         3
 Gell's Gravitas          Tloc           0%         N/A       83%         3
 Hailstorm                Conj/Ice       0%         3d3       83%         3
 Portal Projectile        Hex/Tloc       0%         N/A       83%         3
 Spider Form              Tmut/Pois      0%         N/A       83%         3
 Summon Guardian Golem    Hex/Summ       0%         N/A       83%         3
 Teleport Other           Tloc           0%         N/A       83%         3
 Anguish                  Hex/Necr       0%         N/A       99%         4
 Yara's Violent Unravell  Hex/Tmut       0%         3d3       100%        5
 Dispersal                Tloc           0%         N/A       100%        6


Dungeon Overview and Level Annotations

Branches:
Dungeon (4/15)             Temple (1/1) D:4

Altars:
Ashenzari
Fedhas
Hepliaklqana
Okawaru
Yredelemnul

Shops:
D:1 =


Innate Abilities, Weirdness & Mutations

You are small and have problems with some larger weapons.
You are completely attuned to the shadows.


Message History

The orc priest is heavily wounded.
You hear a shout!
An orc priest comes into view. It is wielding a +0 morningstar.
An orc comes into view. It is wielding a +0 club.
You hear a shout!
You shoot an arrow.
The arrow closely misses the orc priest.
The orc shouts!
You hear a shout!
An orc wizard comes into view. It is wielding a +0 dagger.
You hear a shout!
You shoot an arrow. The arrow hits the orc priest.
The orc priest is severely wounded.
The orc priest invokes the aid of Beogh against you.
Pain shoots through your body!
You shoot an arrow.
The arrow hits the orc priest but does no damage.
The orc priest is severely wounded.
The orc priest calls down the wrath of Beogh upon you.
You barely resist. You shoot an arrow. The arrow barely misses the orc priest.
The orc priest calls down the wrath of Beogh upon you.
Pain shoots through your body!
The orc priest invokes the aid of Beogh against you.
Pain shoots through your body!
* * * LOW HITPOINT WARNING * * *
The orc hits you with a +0 club.
* * * LOW HITPOINT WARNING * * *
The orc priest attacks as you move away!
The orc priest closely misses you.
The orc priest attacks as you move away!
The orc priest closely misses you.
The orc priest calls upon Beogh to heal the orc priest.
The orc priest is healed somewhat.
The orc priest hits you with a +0 dagger.
* * * LOW HITPOINT WARNING * * *
As you read the scroll labelled ZYXZEDAXIP, it crumbles to dust.
The scroll dissolves into smoke.
It was a scroll of fog.
The orc priest calls down the wrath of Beogh upon you.
Pain shoots through your body!
You die...

.....# ......# ......#
..o..### #§#§§.#
#§ooo## #§@§.# #§§§§#
###§###
###########....#
..........#....#
...............#
##.....###......#
....#####_#####......#
....###.....###......


You could see 2 orc priests and an orc wizard.

Vanquished Creatures
  An ogre (D:4)
  A hound (D:3)
  A gnoll bouda (D:3)
  An orc priest (D:3)
  4 gnolls (D:4)
  6 adders
  3 worms
  2 dart slugs (D:2)
  4 orcs
  A bat (D:1)
  4 endoplasms
  3 giant cockroaches (D:1)
  8 goblins
  8 hobgoblins
  2 jackals (D:1)
  9 kobolds
  4 quokkas
  8 ball pythons
  3 frilled lizards
  8 rats
81 creatures vanquished.

Notes
Turn   | Place    | Note
-------+----------+-------------------------------------------
     0 | D:1      | porpoise the Kobold Hunter began the quest for the Orb.
     0 | D:1      | Reached XP level 1. HP: 12/12 MP: 1/1
    90 | D:1      | Reached XP level 2. HP: 16/18 MP: 2/2
   364 | D:1      | Reached skill level 6 in Ranged Weapons
   373 | D:1      | Reached XP level 3. HP: 22/22 MP: 3/3
   375 | D:1      | Found Obuqou's Jewellery Emporium.
   806 | D:2      | Got the Octavo of Guile
  1096 | D:2      | Reached XP level 4. HP: 28/28 MP: 4/4
  2011 | D:3      | Found the ring of the Tortoise {AC+8}
  2039 | D:3      | Reached skill level 7 in Ranged Weapons
  2091 | D:3      | Reached XP level 5. HP: 32/32 MP: 5/5
  2150 | D:3      | Found a basalt altar of Yredelemnul.
  2316 | D:3      | Found a hazy altar of Hepliaklqana.
  2327 | D:3      | Became a worshipper of Hepliaklqana the Forgotten
  2678 | D:4      | Reached skill level 1 in Invocations
  2682 | D:4      | Reached XP level 6. HP: 31/38 MP: 6/6
  2778 | D:3      | Reached skill level 8 in Ranged Weapons
  2879 | D:4      | Found a staircase to the Ecumenical Temple.
  2895 | Temple   | Entered the Ecumenical Temple
  2978 | D:4      | Noticed an ogre
  2986 | D:4      | Killed an ogre
  3250 | D:4      | Found a broken altar of Ashenzari.
  3276 | D:4      | Killed from afar by an orc priest

Illustrated notes

Levels and vault maps discovered:
D:1:      ncdulo_smallfort, layout_basic, serial_curves, eino_curves_02,
          eino_curves_04, serial_shops, nicolae_shop_tiny_waterfront,
          minmay_tetromino_o4
D:2:      layout_loops_ring, eino_tiny_chamber, minmay_door_square,
          minmay_cut_off
D:3:      layout_loops_ring, mainiacjoe_overflow_brackets,
          worldfamousw_hep_ancestral_shrine
D:4:      layout_gridville, mainiacjoe_overflow_alcove_4,
          cheibrodos_ashenzari_chains, minmay_temple_entry_offerings
Temple:   dshaligram_water_room_temple

Skill      XL: |  1  2  3  4  5  6 |
---------------+-------------------+-----
Ranged Weapons | 6 7 8 |  8.5
Fighting       | 3 4 |  4.3
Invocations    | 1 2 |  2.1
Dodging        | |  2.4
Stealth        | |  1.3

Action                     |  1- 3 |  4- 6 || total
---------------------------+-------+-------++-------
  Melee: Rapier            |       |    12 ||    12
         Punch             |       |     1 ||     1
   Fire: Shortbow          |    74 |   152 ||   226
    Use: Scroll            |     1 |    10 ||    11
 Armour: Leather armour    |     9 |    28 ||    37
  Dodge: Dodged            |    31 |    80 ||   111

Table legend: (Time is in decaauts)
 A = Elapsed time spent in this place.
 B = Non-inter-level travel time spent in this place.
 C = Inter-level travel time spent in this place.
 D = Time resting spent in this place.
 E = Time spent auto-exploring this place.
 F = Levels seen in this place.
 G = Mean time per level.
                   A        B        C        D        E       F      G
               +--------+--------+--------+--------+--------+-----+--------+
         Total |   3322 |   3246 |     76 |    367 |   2294 |   5 |  664.4 |
       Dungeon |   3306 |   3236 |     70 |    367 |   2287 |   4 |  826.5 |
        Temple |     15 |      9 |      6 |      0 |      7 |   1 |   15.0 |
               +--------+--------+--------+--------+--------+-----+--------+

Top non-repeatable levels by time:
     D:3: 1141 daAuts
     D:2: 934 daAuts
     D:1: 775 daAuts
     D:4: 455 daAuts
  Temple: 15 daAuts
